 Dungeon Crawl Stone Soup version 0.32-a0-913-g739538afd8 (webtiles) character file.

Game seed: 17892888728032393722

2589 DEFE the Cleaver (level 9, -1/61 (63) HPs)
             Began as a Coglin Fighter on Apr 8, 2024.
             Slain by a wight
             ... wielding a +3 halberd of freezing
              (3 damage)
             ... on level 7 of the Dungeon.
             The game lasted 00:03:50 (5985 turns).

DEFE the Cleaver (Coglin Fighter)                   Turns: 5985, Time: 00:03:51

HP:   -1/61 (63)    AC:  8    Str: 21    XL:     9   Next: 58%
MP:   9/9           EV:  8    Int:  8    God:
Gold: 174           SH:  0    Dex: 13    Spells: 8/8 levels left

rFire   . . .        a - +0 war axe {Juhanna}
rCold   . . .        e - +0 hand axe {Hidetaka}
rNeg    . . .        b - +0 scale mail
rPois   .            u - +0 helmet
rElec   .            j - +0 cloak
rCorr   .            (no gloves)
SInv    .            (no boots)
Will    .....        (amulet unavailable) Stlth
                     (ring unavailable)
HPRegen 0.30/turn    (ring unavailable)
MPRegen 0.11/turn    (no gizmo)

%: no passive effects
@: lightly drained, revving
A: off-hand wielding, slow wielding, warmup strikes, no jewellery
a: Invent Gizmo


You were on level 7 of the Dungeon.
You visited 1 branch of the dungeon, and saw 7 of its levels.

You collected 207 gold pieces.
You spent 33 gold pieces at shops.

Inventory:

Hand Weapons
 a - a +0 war axe (weapon) {Juhanna}
 e - a +0 hand axe (offhand) {Hidetaka}
Armour
 b - a +0 scale mail (worn)
 c - a +0 buckler
 j - a +0 cloak (worn)
 u - a +0 helmet (worn)
Wands
 m - a wand of charming (7)
 v - a wand of quicksilver (10)
Scrolls
 h - 2 scrolls of enchant weapon
 i - 4 scrolls of identify
 k - a scroll of fear
 l - 5 scrolls of vulnerability
 o - a scroll of fog
 s - a scroll of teleportation
Potions
 f - 2 potions of cancellation {unknown}
 g - a potion of curing
 n - a potion of lignification {unknown}
 p - a potion of magic {unknown}
 q - a potion of experience {unknown}
 r - a potion of attraction {unknown}
 t - a potion of haste {unknown}
 w - a potion of mutation {unknown}


   Skills:
 - Level 3.0 Fighting
 + Level 10.3 Axes
 - Level 2.6 Armour
 - Level 2.1 Shields
 - Level 10.0 Evocations


You had 8 spell levels left.
You didn't know any spells.
Your spell library was empty.

Dungeon Overview and Level Annotations

Branches:
Dungeon (7/15)             Temple (0/1) D:4

Altars:
The Shining One

Shops:
D:4 (   D:6 *

Annotations:
D:2 1 runed translucent door, Crazy Yiuf


Innate Abilities, Weirdness & Mutations

You can wield a second weapon in your off-hand.
It takes a long time for you to wield or remove held weapons.
Your first few attacks do less damage.
You cannot equip rings or amulets.


Message History

The wight hits you with a +3 halberd of freezing!
The wight freezes you.
A wight comes into view. It is wielding a +4 flail.
The wight closely misses you.
You are too injured to fight recklessly!
You are too injured to fight recklessly!
Unknown command.
You hit the wight with your +0 war axe.
The wight is lightly damaged.
You hit the wight but do no damage.
You closely miss the wight with your +0 hand axe.
You hit the wight but do no damage.
The wight hits you with a +3 halberd of freezing!
* * * LOW HITPOINT WARNING * * *
The wight freezes you.
* * * LOW HITPOINT WARNING * * *
A wight comes into view.
It is wielding a +4 great sword of freezing.
The wight hits you with a +3 dire flail!
* * * LOW HITPOINT WARNING * * *
You feel drained.
* * * LOW HITPOINT WARNING * * *
Unknown command.
Okay, then.
You feel better.
The wight hits you but does no damage. x2
The wight misses you.
Unknown command.
The wight closely misses you.
Unknown command.
You feel better.
The wight hits you from afar with a +3 halberd of freezing!
* * * LOW HITPOINT WARNING * * *
The wight freezes you.
* * * LOW HITPOINT WARNING * * *
The wight barely misses you.
Unknown command.
You feel better.
The wight hits you from afar with a +3 halberd of freezing!
* * * LOW HITPOINT WARNING * * *
The wight freezes you.
You die...

#..# #... #. #. #..#
###...###. #.
#..###.......#. #.
#.............. #.
##.###.......## #.
#.#####.....# #.
#.##........##
#.###z#####.##.######...
#..z.zz@)...##.# ##..
.....zz########.# ##.
....... #.# #. #####.#
#.# #. #.# #. ######.#
#. #.# #. ##...##.# #.
#.# ### # ##.###.#.# #.
#.# ##.######.##.##
##..#### #. #.#
#.........##.# #..<..#
#.


You could see 6 wights.

Vanquished Creatures
  3 black bears
  An orc warrior (D:7)
  3 ice beasts
  A sky beast (D:6)
  3 ogres
  A phantom (D:5)
  5 scorpions
  A gnoll sergeant (D:5)
  2 wights (D:7)
  A howler monkey (D:6)
  3 bombardier beetles
  A sleepcap (D:7)
  2 jellies
  6 orc priests
  4 hounds
  4 iguanas
  Natasha (thrice) (D:3)
  3 orc wizards
  8 adders
  11 gnolls
  7 dart slugs
  3 ribbon worms
  22 orcs
  5 bats
  5 endoplasms
  A giant cockroach (D:3)
  3 goblins
  5 hobgoblins
  3 jackals (D:1)
  3 quokkas (D:1)
  6 ball pythons
  3 frilled lizards
  3 kobolds
  6 rats
141 creatures vanquished.

Notes
Turn   | Place    | Note
-------+----------+-------------------------------------------
     0 | D:1      | DEFE the Coglin Fighter began the quest for the Orb.
     0 | D:1      | Reached XP level 1. HP: 18/18 MP: 1/1
    40 | D:1      | Reached XP level 2. HP: 16/24 MP: 2/2
   488 | D:1      | Reached XP level 3. HP: 28/29 MP: 3/3
  1507 | D:2      | Found a runed translucent door.
  1508 | D:2      | Noticed Crazy Yiuf
  1640 | D:3      | Noticed Natasha
  1646 | D:3      | Killed Natasha
  1647 | D:3      | Reached skill level 1 in Evocations
  1647 | D:3      | Reached XP level 4. HP: 21/35 MP: 4/4
  1692 | D:3      | Noticed Natasha
  1697 | D:3      | Killed Natasha
  1715 | D:3      | Reached XP level 5. HP: 32/41 MP: 5/5
  1743 | D:3      | Noticed Natasha
  1752 | D:3      | Killed Natasha
  2034 | D:3      | Reached skill level 5 in Axes
  2133 | D:3      | Reached XP level 6. HP: 47/47 MP: 6/6
  2288 | D:4      | Noticed a black bear
  2296 | D:4      | Killed a black bear
  2546 | D:4      | Reached skill level 5 in Evocations
  2550 | D:4      | Reached XP level 7. HP: 45/52 MP: 7/7
  2800 | D:4      | HP: 2/52 [orc priest/divine providence (10)]
  2967 | D:4      | Found a staircase to the Ecumenical Temple.
  3041 | D:4      | Found Ewnerchu's Weapon Boutique.
  3366 | D:5      | Entered Level 5 of the Dungeon
  3375 | D:5      | Reached XP level 8. HP: 46/58 MP: 8/8
  4458 | D:6      | Reached XP level 9. HP: 27/63 MP: 9/9
  4664 | D:6      | Reached skill level 10 in Evocations
  4975 | D:6      | Found a glowing golden altar of the Shining One.
  5019 | D:6      | Found Ugos's General Store.
  5028 | D:6      | Found Jonextio's Specific Store.
  5033 | D:6      | Bought a potion of curing for 33 gold pieces
  5907 | D:7      | Reached skill level 10 in Axes
  5981 | D:7      | HP: 2/61 [wight/+3 dire flail (4)]
  5985 | D:7      | Slain by a wight

Illustrated notes

Levels and vault maps discovered:
D:1:      minmay_arrival_semitransparent, layout_basic, minmay_bisected
D:2:      layout_basic, uniq_crazy_yiuf_cottage
D:3:      layout_rooms, uniq_natasha
D:4:      layout_cave_pools, minmay_temple_entry_proselytizer, serial_shops,
          nicolae_shop_tiny_real_fake_doors
D:5:      layout_rooms, patterned_corridor
D:6:      layout_cave_pools, mainiacjoe_overflow_brackets,
          nicolae_specific_store
D:7:      layout_loops_ring, gammafunk_ghost_necromancy, uniq_maurice

Skill      XL: |  1  2  3  4  5  6  7  8  9 |
---------------+----------------------------+-----
Axes           | 3 4 5 7 8 10 | 10.3
Evocations     | 1 2 3 5 7 9 10 | 10.0
Fighting       | |  3.0
Armour         | |  2.6
Shields        | |  2.1

Action                     |  1- 3 |  4- 6 |  7- 9 || total
---------------------------+-------+-------+-------++-------
  Melee: War axe           |    62 |    67 |   182 ||   311
         Hand axe          |    47 |    63 |   169 ||   279
    Use: Potion            |       |     1 |     6 ||     7
         Scroll            |       |       |     5 ||     5
 Armour: Scale mail        |    60 |    68 |   174 ||   302
  Dodge: Dodged            |    32 |    38 |    76 ||   146
  Block: Buckler           |     7 |       |       ||     7

Table legend: (Time is in decaauts)
 A = Elapsed time spent in this place.
 B = Non-inter-level travel time spent in this place.
 C = Inter-level travel time spent in this place.
 D = Time resting spent in this place.
 E = Time spent auto-exploring this place.
 F = Levels seen in this place.
 G = Mean time per level.
                   A        B        C        D        E       F      G
               +--------+--------+--------+--------+--------+-----+--------+
         Total |   6024 |   5891 |    133 |   1609 |   3467 |   7 |  860.6 |
       Dungeon |   6024 |   5891 |    133 |   1609 |   3467 |   7 |  860.6 |
               +--------+--------+--------+--------+--------+-----+--------+

Top non-repeatable levels by time:
     D:5: 1199 daAuts
     D:3: 941 daAuts
     D:1: 923 daAuts
     D:4: 854 daAuts
     D:6: 738 daAuts
     D:2: 689 daAuts
     D:7: 678 daAuts
